 Dungeon Crawl Stone Soup version 0.30-a0-141-g30f27751c5 (webtiles) character file.

Game seed: 883261790534794182

21 qw the Shield-Bearer (level 2, 0/19 HPs)
             Began as a Gargoyle Fighter on Sept 25, 2022.
             Constricted to death by Sigmund (5 damage)
             ... on level 2 of the Dungeon.
             The game lasted 00:00:23 (1237 turns).

qw the Shield-Bearer (Gargoyle Fighter)             Turns: 1237, Time: 00:00:23

Health: 0/19       AC:  9    Str: 17 (19) XL:     2   Next: 87%
Magic:  2/2        EV:  6    Int:  5 (8)  God:
Gold:   93         SH:  4    Dex:  8 (9)  Spells: 1/1 levels left

rFire   . . .      SeeInvis .    Y - +0 war axe
rCold   . . .      Faith    .    c - +0 buckler
rNeg    + . .      Spirit   .    b - +0 scale mail
rPois   inf        Reflect  .    (no helmet)
rElec   +          Harm     .    (no cloak)
rCorr   .          Rampage  .    (no gloves)
Will    .....                    (no boots)
Stlth   ..........               (no amulet)
HPRegen 0.06/turn                (no ring)
MPRegen 0.08/turn                (no ring)

@: grasped by roots, constricted
A: sickness immunity, AC +2, negative energy resistance 1, electricity
resistance, torment resistance 1, petrification resistance
a: no special abilities


You were on level 2 of the Dungeon.
You visited 1 branch of the dungeon, and saw 2 of its levels.

You collected 93 gold pieces.


Innate Abilities, Weirdness & Mutations

You are immune to sickness and miasma.
Your stone body is resilient. (AC +2)
You are immune to poison.
You resist negative energy. (rN+)
You are resistant to electric shocks. (rElec)
You are resistant to unholy torment.
You are immune to petrification.


   Skills:
 - Level 3.2 Fighting
 + Level 3.0 Axes
 - Level 3.2 Armour
 - Level 3.2 Shields


You had one spell level left.
You didn't know any spells.
Your spell library was empty.

Inventory:

Hand Weapons
 g - a +0 whip
 Y - a +0 war axe (weapon)
Armour
 a - a +2 hat
 b - a +0 scale mail (worn)
 c - a +0 buckler (worn)
Scrolls
 e - a scroll of identify {unknown}
 f - a scroll of vulnerability {unknown}
 i - a scroll of butterflies {unknown}
Potions
 d - 2 potions of might
 h - a potion of haste {unknown}

Dungeon Overview and Level Annotations

Branches:
Dungeon (2/15)

Altars:

Annotations:
D:2 Sigmund


Message History

You're too confused to attack without stumbling around!
There is a strange disturbance nearby!
You hear some strange, mumbled words.
Something tries to affect you, but you resist.
You're too confused to attack without stumbling around!
There is a strange disturbance nearby!
Something hits you.
You're too confused to attack without stumbling around!
There is a strange disturbance nearby!
You're too confused to attack without stumbling around!
There is a strange disturbance nearby!
You hear some strange, mumbled words.
You are more confused.
You're too confused to attack without stumbling around!
There is a strange disturbance nearby!
Something hits you.
You're too confused to attack without stumbling around!
There is a strange disturbance nearby!
Something hits you.
You're too confused to attack without stumbling around!
There is a strange disturbance nearby!
You're too confused to attack without stumbling around!
There is a strange disturbance nearby!
Something hits you but does no damage.
You're too confused to attack without stumbling around!
There is a strange disturbance nearby!
You hear some strange, mumbled words.
Something tries to affect you, but you resist.
You're too confused to attack without stumbling around!
There is a strange disturbance nearby!
Something hits you but does no damage.
You're too confused to attack without stumbling around!
There is a strange disturbance nearby!
You feel less confused.
You barely miss something.
You hear a zap.
The roots erupt in riotous growth!
The grasping roots grab you!
You are constricted.
You die...

#### #>.# #.. #..#. #.#
#.....###.## .. ..
#..{@...# ....
#.#..###..#######.#.##
......)..............##
...........######..#.#.#
#....###...# #.#...#.
##.# #...######......# #
#................
#.##.#####......# #.##.#
#.#....#


There were no monsters in sight!

Vanquished Creatures
  4 ball pythons
  2 endoplasms (D:1)
  3 hobgoblins (D:1)
  2 jackals (D:2)
  2 bats
  3 goblins
  2 rats (D:1)
18 creatures vanquished.

Notes
Turn   | Place    | Note
-------+----------+-------------------------------------------
     0 | D:1      | qw the Gargoyle Fighter began the quest for the Orb.
     0 | D:1      | Reached XP level 1. HP: 14/14 MP: 1/1
     0 | D:1      | 0 ||| qw: Version: 0.2-a-10-g399e6c4
     0 | D:1      | 0 ||| qw: Game counter: 121
     0 | D:1      | 0 ||| qw: Always use a shield: true
     0 | D:1      | 0 ||| qw: God list: Okawaru
     0 | D:1      | 0 ||| qw: Allow faded altars: false
     0 | D:1      | 0 ||| qw: Do Orc after D:15 true
     0 | D:1      | 0 ||| qw: Do second Lair branch before Depths: true
     0 | D:1      | 0 ||| qw: Lair rune preference: random
     0 | D:1      | 0 ||| qw: Plans: Normal, Zot:1-4, God:TSO, Crypt, Tomb,
                  | Pan, Slime:5, Hells, Abyss, Orb
     0 | D:1      | 0 ||| PLANNING D:1-11
    68 | D:1      | 68 ||| DROPPING +0 club.
   404 | D:1      | 404 ||| Stepping ~*~*~tactically~*~*~ (stealth).
   405 | D:1      | 405 ||| Stepping ~*~*~tactically~*~*~ (stealth).
   494 | D:1      | Reached XP level 2. HP: 19/19 MP: 2/2
   960 | D:1      | 960 ||| READING scroll labelled DYWEMA QEUDOI.
   961 | D:1      | 961 ||| DRINKING 2 metallic puce potions.
   962 | D:1      | 962 ||| DROPPING potion of degeneration.
  1214 | D:2      | Noticed Sigmund
  1215 | D:2      | 1215 ||| Stepping ~*~*~tactically~*~*~ (stealth).
  1216 | D:2      | 1216 ||| Stepping ~*~*~tactically~*~*~ (stealth).
  1218 | D:2      | Reached skill level 3 in Axes
  1237 | D:2      | Constricted to death by Sigmund

Levels and vault maps discovered:
D:1:      dpeg_arrival_erosion, layout_basic, hex_medium
D:2:      layout_loops_ring, basic_altar, ebering_ecumenical_altar_rust,
          kennysheep_pointless_box, uniq_sigmund

Skill      XL: |  1  2 |
---------------+-------+-----
Axes           | 2 3 |  3.0
Fighting       | |  3.2
Armour         | |  3.2
Shields        | |  3.2

Action                   || total
-------------------------++-------
Melee: War axe           ||    64
  Use: Scroll            ||     1
       Potion            ||     1
Armor: Scale mail        ||    34
Dodge: Dodged            ||    29
Block: Buckler           ||    14

Table legend:
 A = Non-vault XP
 B = Vault XP
 C = Vault XP percentage of total XP
 D = Non-vault monster count
 E = Vault monster count
 F = Vault count percentage of total count
                 A         B        C        D         E       F
            +---------+---------+-------+---------+---------+-------
      Total |      31 |       0 |   0.0 |      18 |       0 |   0.0
            +---------+---------+-------+---------+---------+-------
        D:1 |      22 |       0 |   0.0 |      13 |       0 |   0.0
        D:2 |       9 |       0 |   0.0 |       5 |       0 |   0.0
            +---------+---------+-------+---------+---------+-------
